AoeStats
← WILL.I.AM

Arabia

509498466Analyzed
2v2 RM · 6d ago on Sep 27, 2026· 45m 31s· 4 players
Game mode
Random Map
Map size
Medium (4 player)
Population
200
Speed
Normal
Resources
Standard
Victory
Conquest
Starting age
Dark Age
Ending age
Imperial Age
RankedLock teamsTeams togetherTeam positionsShared explorationLock speedFull tech treeHidden civsTurbo modeCheats
Victory
Defeat
🇳🇿 Mongols · New Zealand
1139
+15
🇦🇷 Magyars · Argentina
1119
+16
🇦🇷 Tatars · Argentina
1183
-18
🇦🇷 Franks · Argentina
1048
-13
Sir Napien
7:38 Loom
9:55 Feudal Age
10:26 Double-Bit Axe
19:45 Castle Age
18:16 Horse Collar
18:28 Gold Mining
19:02 Fletching
20:43 Bodkin Arrow
21:14 Bow Saw
22:26 Padded Archer Armor
25:52 Heavy Plow
27:46 Gold Shaft Mining
28:00 Leather Archer Armor
27:57 Elite Skirmisher
29:56 Wheelbarrow
31:45 Ballistics
35:12 Hand Cart
34:44 Town Watch
40:11 Imperial Age
Cherfe Unai
6:51 Loom
9:31 Feudal Age
11:12 Double-Bit Axe
21:06 Castle Age
19:36 Gold Mining
24:14 Scale Barding Armor
29:51 Bow Saw
30:13 Chain Barding Armor
30:41 Husbandry
32:38 Wheelbarrow
33:43 Forging
34:57 Gold Shaft Mining
37:02 Iron Casting
37:24 Stone Mining
41:59 Hand Cart
44:29 Imperial Age
44:42 Cavalier
46:04 Plate Barding Armor
LA FUCKING CABRA
8:30 Loom
11:22 Feudal Age
12:45 Double-Bit Axe
16:40 Wheelbarrow
19:42 Castle Age
19:50 Fletching
19:59 Crossbowman
20:38 Bodkin Arrow
21:37 Padded Archer Armor
23:05 Gold Mining
27:36 Ballistics
30:02 Gold Shaft Mining
31:46 Hand Cart
32:02 Corvinian Army
32:14 Husbandry
32:25 Bloodlines
32:20 Stone Mining
34:14 Scale Barding Armor
35:18 Chain Barding Armor
34:55 Horse Collar
37:31 Heavy Plow
38:21 Leather Archer Armor
41:28 Town Watch
45:09 Imperial Age
44:27 Town Patrol
45:42 Murder Holes
46:25 Plate Barding Armor
45:12 Elite Magyar Huszar
46:15 Conscription
WILL.I.AM
7:45 Loom
9:41 Feudal Age
8:08 Loom
10:14 Double-Bit Axe
14:39 Horse Collar
22:04 Castle Age
20:50 Fletching
22:13 Padded Archer Armor
22:52 Bodkin Arrow
23:36 Bow Saw
24:30 Gold Mining
30:07 Thumb Ring
31:38 Leather Archer Armor
32:18 Wheelbarrow
32:51 Ballistics
37:13 Stone Mining
39:53 Imperial Age
41:32 Chemistry
41:00 Parthian Tactics
41:38 Hand Cart
41:08 Town Watch
42:48 Bracer
43:41 Bloodlines
43:32 Husbandry
Connection lost

Rejoining the realm…

Still unreachable

The connection could not be restored.

Session expired

The server has moved on; the page needs a fresh start.